 Dungeon Crawl Stone Soup version 0.20-a0-957-g47ad1fd (webtiles) character file.

530194 Rrauwl the Barachian Blade (level 25, -10/312 HPs)
             Began as a Barachi Fighter on Apr 5, 2017.
             Was a High Priest of Okawaru.
             Mangled by a deep troll earth mage (30 damage)
             ... on level 4 of the Depths on Apr 6, 2017.
             The game lasted 06:24:28 (54563 turns).

Rrauwl the Barachian Blade (Barachi Fighter)       Turns: 54563, Time: 06:24:30

Health: -10/312    AC: 38    Str: 33    XL:     25   Next: 61%
Magic:  36/36      EV: 23    Int: 11    God:    Okawaru [*****.]
Gold:   5204       SH:  0    Dex: 18    Spells: 36/42 levels left

rFire    + . .     SeeInvis +   a - +9 triple sword (vamp)
rCold    . . .     Gourm    .   (shield currently unavailable)
rNeg     . . .     Faith    .   C - +4 plate armour {rF+}
rPois    +         Spirit   .   K - +2 hat {MR+}
rElec    .         Reflect  .   P - scarf of the Evening {MR++}
rCorr    .         Harm     .   Z - +1 pair of gloves of the Marlin {Dex+5}
MR       +++++                  A - +1 pair of boots of Parts Unknown {rPois Str+2}
Stlth    ..........             p - amulet of rage
Regen    0.7/turn               i - +5 ring of protection
MPRegen  0.3/turn               y - ring of see invisible

@: berserking, heroism, can't hop, drained, very quick
A: +LOS, swims, beak, talons 1, magic resistance 1, slowness 1, wild magic 1,
strong legs 2
}: 3/15 runes: decaying, silver, gossamer
a: Hop, Heroism, Finesse, Renounce Religion, Evoke Berserk Rage


You were on level 4 of the Depths.
You worshipped Okawaru.
Okawaru was extremely pleased with you.
You were hungry.

You visited 8 branches of the dungeon, and saw 41 of its levels.
You also visited: Labyrinth, Ice Cave and Volcano.

You collected 6051 gold pieces.
You spent 847 gold pieces at shops.

Inventory:

Hand Weapons
 a - a +9 vampiric triple sword (weapon)
 b - the +10 hunting sling "Goeph" {flame, Str+4}
   (Okawaru gifted it to you on level 11 of the Dungeon)

   It causes projectiles fired from it to burn those they strike, causing extra
   injury to most foes and up to half again as much damage against particularly
   susceptible opponents.
   It affects your strength (+4).
 c - a +2 eveningstar of flaming
 w - a +2 vampiric lajatang
Missiles
 k - 580 sling bullets
Armour
 A - the +1 pair of boots of Parts Unknown (worn) {rPois Str+2}
   (You found it on level 1 of the Swamp)

   It affects your strength (+2).
   It protects you from poison.
 C - a +4 plate armour of fire resistance (worn)
 K - a +2 hat of magic resistance (worn)
 P - the scarf of the Evening (worn) {MR++}
   (Okawaru gifted it to you on level 15 of the Dungeon)

   It affects your resistance to hostile enchantments.
 Z - the +1 pair of gloves of the Marlin (worn) {Dex+5}
   (You found it on level 6 of the Lair of Beasts)

   It affects your dexterity (+5).
Jewellery
 i - a +5 ring of protection (left hand)
 n - an uncursed ring of flight
 p - an amulet of rage (around neck)
 y - a ring of see invisible (right hand)
 E - an uncursed ring of protection from cold
 X - an uncursed ring of protection from fire
Wands
 o - a wand of confusion (15/48)
 q - a wand of polymorph (12/24)
 t - a wand of lightning (9/15)
 v - a wand of confusion (34/48)
 B - a wand of lightning (11/15)
 L - a wand of disintegration (18/24)
 M - a wand of acid (14/15)
 O - a wand of paralysis (15/24)
 U - a wand of iceblast (15/15)
 W - a wand of enslavement (21/24)
Scrolls
 e - 7 scrolls of teleportation
 g - 11 scrolls of identify
 j - 17 scrolls of remove curse
 s - 10 scrolls of fear
 G - 5 scrolls of fog
 I - a scroll of summoning
 Y - a scroll of holy word
Potions
 d - 9 potions of haste
 f - a potion of resistance
 h - 9 potions of curing
 m - 2 potions of mutation
 x - a potion of brilliance
 D - a potion of lignification
 F - a potion of cancellation
 J - 2 potions of might
 N - 2 potions of invisibility
 T - a potion of berserk rage
Books
 r - the Catalogue of Fetching Displacement
   (You found it on level 3 of the Depths)

   Spells                             Type                      Level
   a - Confusing Touch                Hexes                        1
   b - Corona                         Hexes                        1
   c - Shroud of Golubria             Charms/Translocation         2
   d - Gell's Gravitas                Translocation                3
   e - Silence                        Hexes/Air                    5
   f - Yara's Violent Unravelling     Hexes/Transmutation          5
Miscellaneous
 l - a lamp of fire
 u - a phial of floods
 Q - a box of beasts
Comestibles
 H - 29 royal jellies


   Skills:
 + Level 19.5(24.3) Fighting
 - Level 24.0(26.8) Long Blades
 - Level 11.1(16.0) Slings
 + Level 19.6(24.4) Armour
 + Level 15.6(20.4) Dodging
 - Level 11.4(16.2) Stealth
   Level 13.2(18.1) Shields
 - Level 9.1(9.0) Spellcasting
 - Level 8.0(7.9) Charms
 - Level 8.0(7.9) Translocations
 - Level 6.0(5.9) Transmutations
 - Level 9.0(8.9) Air Magic
 - Level 7.0(6.8) Earth Magic
 + Level 9.3(9.2) Invocations
 - Level 11.0(10.9) Evocations


You had 36 spell levels left.
You knew the following spells:

 Your Spells              Type           Power        Failure   Level  Hunger
a - Swiftness             Chrm/Air       ####....     3%          2    #......
b - Blink                 Tloc           N/A          4%          2    #......
c - Passwall              Tmut/Erth      ###.......   10%         2    #......


Dungeon Overview and Level Annotations

Branches:
Dungeon (15/15)            Temple (1/1) D:7            Lair (6/6) D:10
  Swamp (4/4) Lair:2       Spider (4/4) Lair:4        Slime (0/5) Lair:5
    Orc (2/2) D:12            Elf (0/3) Orc:2        Vaults (5/5) D:13
  Crypt (0/3) Vaults:3     Depths (4/5) D:15

Altars:
Ashenzari
Cheibriados
Dithmenos
Elyvilon
Fedhas
Gozag
Hepliaklqana
Kikubaaqudgha
Makhleb
Nemelex Xobeh
Okawaru
Qazlal
Ru
Sif Muna
Trog
Uskayaw
Vehumet
Wu Jian
Xom
Yredelemnul
Zin
The Shining One
Beogh
Jiyva
Lugonu

Shops:
D:8 ?!}=   D:12 (   D:13 !   Orc:2 %=:%(   Depths:4 ?:(:(:(%

Portals:
Hell: Depths:1 Depths:2 Depths:3 Depths:4
Abyss: Depths:4
Pandemonium: Depths:1 Depths:2 Depths:3 Depths:4
Trove: Vaults:1 (give 9 potions of agility)


Innate Abilities, Weirdness & Mutations

Shadows flee at your approach. (+LOS)
You can swim through water.
You cover ground slowly.
You can hop longer distances.
You have a beak for a mouth.
You have sharp toenails.
You are resistant to hostile enchantments. (MR+)
Your spells are a little harder to cast, but a little more powerful.


Message History

Some rock shatters into small pieces.
The frost giant misses you.
You riposte.
You slash the frost giant!
The frost giant is lightly wounded.
A red film seems to cover your vision as you go berserk!
You feel yourself moving faster!
You feel mighty!
You are feeling hungry.
The deep troll earth mage bites you!!
* * * LOW HITPOINT WARNING * * *
The deep troll earth mage claws you but does no damage. x2
The deep troll misses you. The deep troll closely misses you. x2
The deep troll shaman calls upon its god to speed up the deep troll.
The deep troll seems to speed up.
You hit the deep troll earth mage.
You feel better.
The deep troll earth mage is severely wounded.
The frost giant points at you and mumbles some strange words.
The bolt of cold hits you!
* * * LOW HITPOINT WARNING * * *
The deep troll bites you but does no damage.
The deep troll misses you. x2; The deep troll earth mage bites you!!
You die...

#.....# ##............# ##
#+###.# #.#...>........# ...
#.# #.##............+ ....
#.###.###.....<......# .....
#.#.....)......###'### ......
#.#.##.##...∩..#......
.......#...#.######'###.#.###
.......'..[T............#.##.
....)......C@...###.###.#.##.
...........TT.......# #...##.
.......############## #...<'.
....... ######. ....... #.
###### ##


You could see a frost giant, a deep troll, a deep troll earth mage and a deep
troll shaman.

Vanquished Creatures
  A juggernaut (Depths:2)
  Boris (Depths:4)
  Frederick (Vaults:5)
  A caustic shrike (Depths:4)
  Xtahua (Vaults:5)
  the Enchantress (Depths:2)
  Jory (Vaults:5)
  Nikola (Depths:3)
  6 golden dragons
  2 liches
  3 tentacled monstrosities
  4 titans (Vaults:5)
  3 quicksilver dragons (Vaults:5)
  4 thorn hunters
  6 storm dragons
  2 sphinxes
  11 tengu reavers
  4 shadow dragons
  6 frost giants
  5 fire giants
  3 ghost moths
  2 deep elf sorcerers
  11 vault wardens
  2 orc warlords
  2 iron dragons
  A caustic shrike zombie (Depths:3)
  A ghoul (Vaults:3)
  9 emperor scorpions
  17 stone giants
  21 ironheart preservers
  7 spriggan defenders
  6 entropy weavers
  2 war gargoyles (Vaults:5)
  A reaper (IceCv)
  A vampire knight (Depths:4)
  12 very ugly things
  A lorocyproca (Depths:2)
  2 deep elf annihilators
  19 spark wasps
  3 deep elf demonologists
  Azrael (D:13)
  2 green deaths (Swamp:4)
  4 merfolk javelineers (Depths:2)
  14 ettins
  A fire dragon (shapeshifter) (Vaults:5)
  A minotaur (shapeshifter) (Vaults:5)
  A blizzard demon (Depths:1)
  8 fire dragons
  A minotaur (Lab)
  20 yaktaur captains
  A jiangshi (Vaults:3)
  6 great orbs of eyes
  A great orb of eyes (shapeshifter) (Vaults:2)
  15 hydras
  A deep elf high priest (Vaults:5)
  Harold (Lair:1)
  39 vault guards
  4 rakshasas
  The ghost of MrRokkomies the Fighter, a novice OgHu of Dithmenos (D:9)
  9 spriggan air magi
  2 juggernaut simulacra
  13 ice dragons
  3 ghost crabs
  5 death knights
  18 centaur warriors
  3 catoblepae
  7 deep troll earth magi
  7 deep troll shamans
  8 alligators
  10 death yaks
  22 ogre magi
  67 two-headed ogres
  A death yak (shapeshifter) (Vaults:5)
  2 orc high priests
  A vampire mage (Vaults:3)
  A queen ant (Lair:5)
  4 spriggan berserkers
  6 tengu warriors
  2 thrashing horrors (Swamp:4)
  Urug (D:14)
  12 deep elf knights
  9 hell knights
  3 iron trolls
  3 shadow wraiths
  A salamander mystic (Depths:2)
  A golden dragon zombie (Depths:3)
  A spriggan druid (Swamp:4)
  2 unseen horrors (shapeshifter)
  10 skeletal warriors (D:15)
  5 unseen horrors
  35 deep trolls
  9 swamp dragons
  5 flayed ghosts
  6 wizards
  An infernal demonspawn (Depths:2)
  A sixfirhy (Depths:1)
  A torturous demonspawn (Depths:1)
  A glowing orange brain (Depths:3)
  2 shambling mangroves (Swamp:4)
  9 orc knights
  An orange crystal statue (Depths:2)
  5 phantasmal warriors
  4 deep elf archers
  A harpy (shapeshifter) (Depths:3)
  19 ironbrand convokers
  2 wolf spider zombies
  4 necromancers
  7 harpies
  13 orb spiders
  2 lindwurms (Lair:6)
  37 ugly things
  6 cyclopes
  3 oklob plants
  3 salamanders (Depths:2)
  A shadow dragon skeleton (Depths:2)
  A fire giant zombie (Depths:3)
  22 wolf spiders
  A sphinx skeleton (Depths:3)
  8 deep elf magi
  10 orc sorcerers
  2 manticores (Lair:6)
  5 moths of wrath
  A rust devil (Depths:1)
  8 elephants
  3 torpor snails
  A guardian serpent (shapeshifter) (Depths:4)
  A black mamba (Lair:6)
  2 ice statues (IceCv)
  16 vault sentinels
  16 spiny frogs
  A centaur skeleton (D:14)
  3 gargoyles
  2 orange demons (Swamp:4)
  7 komodo dragons
  45 yaktaurs
  A hellwing (Depths:2)
  6 freezing wraiths
  13 ice devils
  15 demonic crawlers
  5 rime drakes
  An efreet (D:15)
  An entropy weaver simulacrum (Vaults:1)
  4 tengu conjurers
  10 trolls
  3 spriggan skeletons
  A troll (shapeshifter) (Vaults:2)
  A minotaur zombie (Lab)
  33 jumping spiders
  5 tyrant leeches
  A queen bee (shapeshifter) (Vaults:3)
  2 tengu simulacra
  10 polar bears
  3 meliai (Spider:3)
  23 blink frogs
  7 hippogriffs
  64 slime creatures
  11 bog bodies
  25 hornets
  A spriggan zombie (Depths:2)
  A raiju (Lair:6)
  3 dream sheep (Lair:6)
  2 frost giant simulacra
  A snapping turtle (shapeshifter) (Vaults:5)
  A meliai zombie (D:15)
  4 air elementals
  9 water elementals
  84 redbacks
  20 spriggans
  3 shadows
  55 yaks
  7 wraiths
  4 basilisks
  29 tarantellas
  A tarantella (shapeshifter) (Depths:4)
  6 wyverns
  2 small abominations (Swamp:4)
  2 fire elementals (D:13)
  21 vampire mosquitoes
  A basilisk (shapeshifter) (Vaults:2)
  A chaos spawn (Depths:2)
  A neqoxec (Depths:2)
  Menkaure (D:7)
  4 insubstantial wisps (Swamp:1)
  8 wargs
  An acid dragon (shapeshifter) (Depths:3)
  2 acid dragons
  26 swamp worms
  7 water moccasins
  A swamp worm (shapeshifter) (Vaults:5)
  19 soldier ants
  A floating eye (shapeshifter) (Vaults:5)
  6 porcupines
  16 hell hounds
  An ettin simulacrum (Depths:2)
  6 ice beasts
  14 black bears
  37 orc warriors
  11 swamp drakes
  An eye of draining (Depths:1)
  A hornet zombie (D:15)
  2 necrophages (D:14)
  47 ogres
  5 phantoms
  3 sky beasts
  34 wolves
  12 boggarts
  14 crocodiles
  28 centaurs
  6 big kobolds
  19 bullfrogs
  An elf skeleton (D:14)
  4 scorpions
  2 wyvern skeletons
  18 killer bees
  5 wights (D:11)
  6 howler monkeys
  2 electric eels (Spider:1)
  8 crimson imps
  The ghost of luab the Ducker, a weakling GrGl (D:5)
  3 centaur zombies
  8 bullfrog zombies
  2 human simulacra
  11 hounds
  4 quasits
  4 human zombies (D:14)
  9 jellies
  A gnoll shaman (D:5)
  15 orc priests
  31 orc wizards
  4 bullfrog skeletons
  8 iguanas
  An iguana (shapeshifter) (Vaults:1)
  A human skeleton (D:14)
  3 hell rats
  35 worker ants
  2 hound zombies (D:8)
  2 hound skeletons
  2 mummies (D:14)
  2 worker ant zombies
  A howler monkey skeleton (D:11)
  19 adders
  11 gnolls
  12 river rats
  5 shadow imps
  9 white imps
  11 ufetubi
  5 oozes (D:11)
  An adder zombie (D:5)
  An adder skeleton (D:4)
  15 worms
  2 dart slugs
  15 leopard geckos
  95 orcs
  7 bats
  10 giant cockroaches
  11 hobgoblins
  15 jackals
  30 kobolds
  4 quokkas
  4 ball pythons
  4 frilled lizards
  A goblin (D:1)
  A jackal zombie (D:6)
  An orc zombie (D:14)
  A quokka zombie (D:6)
  7 rats
  2 butterflies (D:7)
  6 plants
2219 creatures vanquished.

Vanquished Creatures (collateral kills)
  A vault warden (Vaults:5)
  A yaktaur (Vaults:5)
2 creatures vanquished.

Vanquished Creatures (others)
  A tengu reaver (Depths:2)
  A spriggan defender (Depths:2)
  A vault guard (Vaults:5)
  A phantasmal warrior (Depths:4)
  A yaktaur (Vaults:5)
  A redback (Spider:4)
  2 orc warriors
  An ogre (Vaults:4)
  2 boggarts (Depths:3)
  An orc priest (Orc:2)
  An orc wizard (Orc:2)
  3 white imps (IceCv)
  An ufetubus (IceCv)
  An orc (D:12)
  22 fungi
  38 plants
78 creatures vanquished.

Grand Total: 2299 creatures vanquished

Notes
Turn   | Place    | Note
-------+----------+-------------------------------------------
     0 | D:1      | Rrauwl the Barachi Fighter began the quest for the Orb.
     0 | D:1      | Reached XP level 1. HP: 18/18 MP: 1/1
   307 | D:1      | Reached XP level 2. HP: 21/25 MP: 2/2
   626 | D:1      | Found a shattered altar of Ashenzari.
   890 | D:2      | Reached XP level 3. HP: 29/30 MP: 3/3
  1291 | D:2      | Reached skill level 1 in Dodging
  1296 | D:2      | Reached skill level 3 in Long Blades
  1296 | D:2      | Reached XP level 4. HP: 31/37 MP: 4/4
  1403 | D:2      | Found a burning altar of Makhleb.
  1821 | D:3      | Reached XP level 5. HP: 32/43 MP: 5/5
  2490 | D:3      | Reached skill level 5 in Armour
  2490 | D:3      | Reached XP level 6. HP: 44/49 MP: 6/6
  2792 | D:4      | Reached skill level 5 in Fighting
  2792 | D:4      | Reached skill level 4 in Long Blades
  3012 | D:4      | Noticed a phantom
  3103 | D:4      | Killed a phantom
  3103 | D:4      | Reached skill level 5 in Shields
  3103 | D:4      | Reached skill level 1 in Evocations
  3103 | D:4      | Reached XP level 7. HP: 33/56 MP: 7/7
  3532 | D:4      | Reached XP level 8. HP: 63/63 MP: 9/9
  3537 | D:4      | Reached skill level 5 in Long Blades
  3812 | D:5      | Entered Level 5 of the Dungeon
  4351 | D:5      | HP: 1/65 [gnoll/halberd (7)]
  4870 | D:5      | Noticed luab's ghost (weakling GrGl)
  4876 | D:5      | Killed luab's ghost
  5088 | D:5      | Reached XP level 9. HP: 56/71 MP: 11/11
  5097 | D:5      | Gained mutation: Your natural rate of healing is unusually fast. [mutagenic meat]
  5098 | D:5      | Gained mutation: You are weak. (Str -2) [mutagenic meat]
  5099 | D:5      | Gained mutation: Potions are less effective at restoring your health. [mutagenic meat]
  5302 | D:5      | Reached skill level 6 in Long Blades
  5431 | D:6      | Reached skill level 5 in Dodging
  5948 | D:6      | Found an iron altar of Okawaru.
  5953 | D:6      | Became a worshipper of Warmaster Okawaru
  6222 | D:7      | Noticed Menkaure
  6233 | D:7      | Killed Menkaure
  6432 | D:7      | Found a staircase to the Ecumenical Temple.
  6442 | Temple   | Entered the Ecumenical Temple
  6541 | D:7      | Found a snail-covered altar of Cheibriados.
  6645 | D:7      | Found a runed door.
  6661 | D:7      | Found a runed door.
  6729 | D:7      | Reached * piety under Okawaru
  6763 | D:7      | Reached skill level 7 in Long Blades
  6915 | D:7      | Found a shattered altar of Ashenzari.
  6918 | D:7      | Found a sparkling altar of Nemelex Xobeh.
  6932 | D:7      | Found a glowing golden altar of the Shining One.
  6936 | D:7      | Found a shimmering altar of Xom.
  7180 | D:7      | Noticed a hornet
  7187 | D:7      | Killed a hornet
  7522 | D:8      | Found Jucit's Gadget Boutique.
  7524 | D:8      | Found Diqutzen's Distillery.
  7527 | D:8      | Reached XP level 10. HP: 69/80 MP: 13/13
  7554 | D:8      | Reached skill level 1 in Invocations
  7569 | D:8      | Bought a potion of curing for 33 gold pieces
  7569 | D:8      | Bought a potion of might for 44 gold pieces
  7569 | D:8      | Bought a potion of might for 44 gold pieces
  7753 | D:8      | Found Vudisir's Jewellery Boutique.
  7875 | D:8      | Found Waxkiycyg's Magic Scroll Emporium.
  7878 | D:8      | Bought a scroll of enchant weapon for 90 gold pieces
  8268 | D:9      | Reached ** piety under Okawaru
  8280 | D:9      | Gained mutation: Scrolls take you a little longer to read. [mutagenic meat]
  8436 | D:9      | Noticed MrRokkomies's ghost (novice OgHu)
  8470 | D:9      | Killed MrRokkomies's ghost
  8470 | D:9      | Reached *** piety under Okawaru
  8470 | D:9      | Reached skill level 8 in Long Blades
  8800 | D:9      | Reached **** piety under Okawaru
  9169 | D:9      | Paralysed by a hornet for 3 turns
  9298 | D:10     | Entered Level 10 of the Dungeon
  9361 | D:10     | Noticed a two-headed ogre
  9381 | D:10     | Killed a two-headed ogre
  9381 | D:10     | Reached XP level 11. HP: 54/89 MP: 14/14
  9562 | D:10     | Reached ***** piety under Okawaru
  9655 | D:10     | Noticed an unseen horror
  9689 | D:10     | Killed an unseen horror
  9689 | D:10     | Reached skill level 9 in Long Blades
  9689 | D:10     | Reached skill level 10 in Armour
  9799 | D:10     | Noticed a death yak
  9825 | D:10     | Killed a death yak
  9825 | D:10     | Received a gift from Okawaru
  9837 | D:10     | Noticed a death yak
  9838 | D:10     | Noticed a death yak
  9861 | D:10     | Killed a death yak
  9879 | D:10     | Killed a death yak
  9879 | D:10     | Reached skill level 10 in Fighting
  9881 | D:10     | Got a twisted demon blade {god gift}
  9882 | D:10     | Identified the +2 demon blade of Upheaval {drain, rF+ Str+2} (Okawaru gifted it to you on level 10 of the Dungeon)
  9953 | D:10     | Found a staircase to the Lair.
 10409 | Lair:1   | Entered Level 1 of the Lair of Beasts
 10522 | Lair:1   | Noticed Harold
 10528 | Lair:1   | Killed Harold
 10528 | Lair:1   | Received a gift from Okawaru
 10528 | Lair:1   | Reached skill level 5 in Invocations
 11113 | Lair:2   | Noticed a seven-headed hydra
 11175 | Lair:2   | Killed a seven-headed hydra
 11175 | Lair:2   | Reached skill level 5 in Evocations
 11175 | Lair:2   | Reached XP level 12. HP: 29/98 MP: 13/15
 11276 | Lair:1   | Noticed a four-headed hydra
 11290 | Lair:1   | Killed a four-headed hydra
 11290 | Lair:1   | Reached skill level 10 in Long Blades
 11384 | Lair:1   | Reached skill level 10 in Shields
 11565 | Lair:2   | Received a gift from Okawaru
 11802 | Lair:2   | Found a staircase to the Swamp.
 12073 | Lair:3   | Noticed an eight-headed hydra
 12085 | Lair:3   | Killed an eight-headed hydra
 12085 | Lair:3   | Reached skill level 11 in Long Blades
 12197 | Lair:3   | Reached skill level 12 in Long Blades
 12496 | Lair:3   | Found a frozen archway.
 12519 | IceCv    | Entered an ice cave
 12752 | IceCv    | Reached skill level 13 in Long Blades
 12787 | IceCv    | Noticed a reaper
 12820 | IceCv    | Gained mutation: You can hop longer distances. [Barachi growth]
 12820 | IceCv    | Reached XP level 13. HP: 27/106 MP: 17/17
 12825 | IceCv    | Received a gift from Okawaru
 12850 | IceCv    | Killed a reaper
 12857 | IceCv    | Reached skill level 14 in Long Blades
 13490 | Lair:3   | Reached skill level 15 in Long Blades
 14084 | Lair:4   | Found a hole to the Spider Nest.
 14312 | Lair:4   | Found a labyrinth entrance.
 14326 | Lab      | Entered a labyrinth
 14786 | Lab      | Noticed a minotaur
 14788 | Lab      | Identified the Catalogue of Confrontation
 14795 | Lab      | Killed a minotaur
 14795 | Lab      | Received a gift from Okawaru
 15031 | Lair:4   | Reached skill level 16 in Long Blades
 15783 | Lair:5   | Got a scorched quarterstaff
 15978 | Lair:5   | You fall through a shaft!
 15978 | Lair:6   | Entered Level 6 of the Lair of Beasts
 15981 | Lair:6   | Found a dark tunnel.
 15997 | Volcano  | Entered a volcano
 16287 | Lair:6   | Got a pair of slimy gloves
 16293 | Lair:6   | Identified the +1 pair of gloves of the Marlin {Dex+5} (You found it on level 6 of the Lair of Beasts)
 16333 | Lair:5   | Found a viscous altar of Jiyva.
 16333 | Lair:5   | Found a staircase to the Slime Pits.
 16356 | Lair:5   | Identified the +6 quarterstaff of the Hierophant {drain, rC+} (You found it on level 5 of the Lair of Beasts)
 16458 | Lair:5   | Noticed an entropy weaver
 16482 | Lair:5   | Killed an entropy weaver
 16482 | Lair:5   | Reached skill level 17 in Long Blades
 16502 | Lair:5   | Noticed an entropy weaver
 16743 | Lair:5   | Reached XP level 14. HP: 113/113 MP: 18/18
 16946 | Lair:5   | Killed an entropy weaver
 17480 | Lair:5   | Reached skill level 18 in Long Blades
 17877 | Lair:6   | Reached skill level 19 in Long Blades
 18188 | Lair:6   | Received a gift from Okawaru
 18445 | Lair:6   | Reached skill level 20 in Long Blades
 18524 | Lair:6   | Got a twisted spear
 18695 | Lair:6   | Identified the +9 spear "Diotuzaep" {speed, rC++ rN+ Int-4 Dex+2} (You found it on level 6 of the Lair of Beasts)
 18731 | Lair:6   | Lost mutation: Scrolls take you a little longer to read. [potion of mutation]
 18731 | Lair:6   | Lost mutation: You are weak. (Str -2) [potion of mutation]
 18731 | Lair:6   | Gained mutation: You evolve. [potion of mutation]
 18731 | Lair:6   | Gained mutation: You have sharp toenails. [potion of mutation]
 19047 | Lair:6   | Reached XP level 15. HP: 110/118 MP: 17/19
 19313 | Lair:5   | Received a gift from Okawaru
 19551 | D:11     | Reached skill level 21 in Long Blades
 19762 | D:11     | Gained mutation: You are weak. (Str -2) [mutagenic meat]
 19765 | D:11     | Gained mutation: You rapidly evolve. [mutagenic meat]
 19997 | D:11     | Received a gift from Okawaru
 19998 | D:11     | Got a polished hunting sling {god gift}
 19999 | D:11     | Identified the +10 hunting sling "Goeph" {flame, Str+4} (Okawaru gifted it to you on level 11 of the Dungeon)
 20182 | D:11     | Gained mutation: You are partially covered in slimy green scales. (AC +2) [evolution]
 20452 | D:12     | Gained mutation: You are resistant to hostile enchantments. (MR+) [mutagenic meat]
 20512 | D:12     | Found a staircase to the Orcish Mines.
 20588 | D:12     | Reached ****** piety under Okawaru
 20588 | D:12     | Reached skill level 1 in Stealth
 20592 | D:12     | Found Ettapran's Antique Weapon Emporium.
 20760 | D:12     | Found a runed door.
 21201 | D:12     | Found a roughly hewn altar of Beogh.
 21213 | D:12     | Got a sheer robe
 21224 | D:12     | Identified the +1 robe "Rueduiwny" {rPois rC+ Dex+4} (You found it on level 12 of the Dungeon)
 21719 | D:13     | Noticed Azrael
 21731 | D:13     | Killed Azrael
 21759 | D:13     | Got a faintly glowing war axe
 21760 | D:13     | Identified the +6 war axe of Olok Daawich {antimagic, +Fly rF- MR+} (You found it on level 13 of the Dungeon)
 22078 | D:13     | Found a gate to the Vaults.
 22111 | D:13     | Received a gift from Okawaru
 22268 | D:13     | Found a shimmering altar of Xom.
 22371 | D:13     | Found Cuaxues's Distillery.
 22377 | D:13     | Bought a potion of mutation for 96 gold pieces
 22377 | D:13     | Lost mutation: You are weak. (Str -2) [potion of mutation]
 22377 | D:13     | Lost mutation: Potions are less effective at restoring your health. [potion of mutation]
 22377 | D:13     | Lost mutation: You rapidly evolve. [potion of mutation]
 22377 | D:13     | Lost mutation: Your natural rate of healing is unusually fast. [potion of mutation]
 22377 | D:13     | Gained mutation: You have a beak for a mouth. [potion of mutation]
 22377 | D:13     | Gained mutation: Your spells are a little harder to cast, but a little more powerful. [potion of mutation]
 22378 | D:13     | Bought a potion of heal wounds for 60 gold pieces
 22378 | D:13     | Bought a potion of heal wounds for 60 gold pieces
 22378 | D:13     | Bought a potion of curing for 36 gold pieces
 22378 | D:13     | Bought a potion of heal wounds for 60 gold pieces
 23482 | D:14     | Noticed Urug
 23497 | D:14     | Killed Urug
 23497 | D:14     | Reached XP level 16. HP: 113/127 MP: 18/21
 23741 | D:14     | Found an ancient bone altar of Kikubaaqudgha.
 23873 | D:15     | Entered Level 15 of the Dungeon
 24021 | D:15     | Reached skill level 5 in Stealth
 24333 | D:15     | Received a gift from Okawaru
 24334 | D:15     | Got a shimmering scarf {god gift}
 24345 | D:15     | Identified the scarf of the Evening {MR++} (Okawaru gifted it to you on level 15 of the Dungeon)
 24636 | D:15     | Gained mutation: Your mind is acute. (Int +2) [evolution]
 24877 | D:15     | Found a staircase to the Depths.
 24894 | Depths:1 | Entered Level 1 of the Depths
 25051 | Orc:1    | Entered Level 1 of the Orcish Mines
 25323 | Orc:2    | Entered Level 2 of the Orcish Mines
 25359 | Orc:2    | Found Ycaotiar's Antique Weapon Shoppe.
 25755 | Orc:2    | Found a staircase to the Elven Halls.
 25939 | Orc:2    | Found Oniotom's Jewellery Boutique.
 25939 | Orc:2    | Found Suiriwu's Food Shop.
 25939 | Orc:2    | Found Eshops's Book Shop.
 25943 | Orc:2    | Found Paamacota's Food Boutique.
 25977 | Orc:2    | Bought a cursed -5 ring of dexterity for 24 gold pieces
 26462 | Lair:1   | Learned a level 2 spell: Swiftness
 26545 | Spider:1 | Entered Level 1 of the Spider Nest
 26912 | Spider:1 | Reached skill level 1 in Spellcasting
 26912 | Spider:1 | Reached skill level 1 in Charms
 27033 | Spider:1 | Reached skill level 1 in Slings
 27175 | Spider:1 | Reached skill level 1 in Air Magic
 27433 | Spider:1 | Reached XP level 17. HP: 135/135 MP: 23/23
 27874 | Spider:2 | Got a transparent leather armour
 27885 | Spider:2 | Identified the +4 leather armour "Tovic" {Regen+ rCorr Str+4 Stlth+} (You found it on level 2 of the Spider Nest)
 27938 | Spider:2 | Received a gift from Okawaru
 30347 | Spider:4 | Entered Level 4 of the Spider Nest
 30439 | Spider:4 | Received a gift from Okawaru
 31475 | Spider:4 | Reached skill level 5 in Charms
 31990 | Spider:4 | Reached XP level 18. HP: 143/143 MP: 0/24
 32018 | Spider:4 | Got a gossamer rune of Zot
 32818 | Swamp:1  | Entered Level 1 of the Swamp
 33131 | Swamp:1  | Learned a level 2 spell: Blink
 33238 | Swamp:1  | Reached skill level 22 in Long Blades
 33757 | Swamp:1  | Received a gift from Okawaru
 33779 | Swamp:1  | Got a pair of jewelled boots
 33790 | Swamp:1  | Identified the +1 pair of boots of Parts Unknown {rPois Str+2} (You found it on level 1 of the Swamp)
 33985 | Swamp:2  | Reached skill level 10 in Stealth
 33985 | Swamp:2  | Reached skill level 1 in Translocations
 34345 | Swamp:2  | Lost mutation: You are partially covered in slimy green scales. (AC +2) [evolution]
 34908 | Swamp:3  | Reached skill level 5 in Slings
 35420 | Swamp:4  | Entered Level 4 of the Swamp
 35443 | Swamp:4  | Received a gift from Okawaru
 36147 | Swamp:4  | Noticed a tentacled monstrosity
 36161 | Swamp:4  | Killed a tentacled monstrosity
 36286 | Swamp:4  | Reached XP level 19. HP: 125/151 MP: 23/25
 36649 | Swamp:4  | Got a decaying rune of Zot
 36734 | Swamp:4  | Received a gift from Okawaru
 37165 | Swamp:3  | Reached skill level 5 in Translocations
 37449 | Vaults:1 | Entered Level 1 of the Vaults
 37777 | Vaults:1 | Received a gift from Okawaru
 37786 | Vaults:1 | Got a shimmering broad axe {god gift}
 37787 | Vaults:1 | Identified the +6 broad axe "Edisug" {elec, *Drain Dex+6} (Okawaru gifted it to you on level 1 of the Vaults)
 37990 | Vaults:1 | Found a portal to a secret trove of treasure.
 38069 | Vaults:1 | Lost mutation: Your mind is acute. (Int +2) [evolution]
 38069 | Vaults:1 | Lost mutation: You evolve. [end of evolution]
 38458 | Vaults:1 | Received a gift from Okawaru
 38490 | Vaults:1 | Got a pitted scarf {god gift}
 38501 | Vaults:1 | Identified the scarf of the Invisible Coins {Str-5 Slay+5} (Okawaru gifted it to you on level 1 of the Vaults)
 38818 | Vaults:1 | Reached skill level 15 in Armour
 38864 | Vaults:1 | Reached skill level 10 in Dodging
 39103 | Vaults:2 | Reached XP level 20. HP: 160/160 MP: 27/27
 39112 | Vaults:2 | Reached skill level 5 in Spellcasting
 39674 | Vaults:2 | Received a gift from Okawaru
 39720 | Vaults:2 | Reached skill level 15 in Fighting
 39747 | Vaults:2 | Received a gift from Okawaru
 39905 | Vaults:2 | Received a gift from Okawaru
 39919 | Vaults:2 | Got an ivory dagger {pierce}
 39920 | Vaults:2 | Identified the +8 dagger "Tavyel" {pierce, Str-4 Dex+6} (You took it off a wizard on level 2 of the Vaults)
 40138 | Vaults:2 | Received a gift from Okawaru
 40138 | Vaults:2 | Reached skill level 5 in Air Magic
 40452 | Vaults:3 | Received a gift from Okawaru
 40469 | Vaults:3 | Got an obsidian-studded chain mail
 40480 | Vaults:3 | Identified the +8 chain mail "Lurienegg" {rPois Str+4 Dex+2} (You found it on level 3 of the Vaults)
 40611 | Vaults:3 | Received a gift from Okawaru
 40612 | Vaults:3 | Got a transparent double sword {god gift}
 40613 | Vaults:3 | Identified the +2 double sword of Gualasa {slice, +Rage rF+} (Okawaru gifted it to you on level 3 of the Vaults)
 41086 | Vaults:3 | Found a staircase to the Crypt.
 41158 | Vaults:3 | Reached XP level 21. HP: 150/169 MP: 28/30
 41271 | Vaults:3 | Received a gift from Okawaru
 42288 | Vaults:4 | Reached skill level 23 in Long Blades
 42571 | Vaults:4 | Received a gift from Okawaru
 43257 | Vaults:4 | Got an ichor-stained bardiche
 43258 | Vaults:4 | Identified the +6 bardiche of Punishment {freeze, rC+ SInv} (You found it on level 4 of the Vaults)
 43693 | Vaults:5 | Entered Level 5 of the Vaults
 43695 | Vaults:5 | Noticed Xtahua
 43734 | Vaults:5 | Killed Xtahua
 43740 | Vaults:5 | Received a gift from Okawaru
 43860 | Vaults:5 | Reached XP level 22. HP: 178/178 MP: 31/34
 43913 | Vaults:5 | Reached skill level 10 in Slings
 43915 | Vaults:5 | Noticed a golden dragon
 43932 | Vaults:5 | Killed a golden dragon
 44035 | Vaults:5 | Received a gift from Okawaru
 44281 | Vaults:5 | Received a gift from Okawaru
 44298 | Vaults:5 | Noticed Jory
 44327 | Vaults:5 | Killed Jory
 44376 | Vaults:5 | Identified a scroll of acquirement
 44631 | Vaults:5 | Noticed a golden dragon
 44660 | Vaults:5 | Killed a golden dragon
 44988 | Vaults:5 | Noticed Frederick
 45003 | Vaults:5 | Killed Frederick
 45249 | Vaults:5 | Identified the +0 chain mail of the Ancient Spirits {Str+4} (You found it on level 5 of the Vaults)
 45581 | Vaults:5 | Got a silver rune of Zot
 45653 | Vaults:5 | Reached XP level 23. HP: 186/186 MP: 36/36
 46227 | Lair:1   | Learned a level 2 spell: Passwall
 46418 | Depths:1 | Received a gift from Okawaru
 46837 | Depths:1 | Reached skill level 1 in Transmutations
 47098 | Depths:1 | Reached skill level 1 in Earth Magic
 47285 | Depths:1 | Found a one-way gate leading to the halls of Pandemonium.
 47633 | Depths:1 | Received a gift from Okawaru
 48135 | Depths:1 | Found a gateway to Hell.
 48188 | Depths:1 | Received a gift from Okawaru
 48441 | Depths:2 | Reached skill level 24 in Long Blades
 48834 | Depths:2 | Received a gift from Okawaru
 49137 | Depths:2 | Received a gift from Okawaru
 49191 | Depths:2 | Reached skill level 5 in Transmutations
 49513 | Depths:2 | Reached XP level 24. HP: 166/197 MP: 36/36
 49664 | Depths:2 | Reached skill level 10 in Evocations
 49670 | Depths:2 | Reached skill level 5 in Earth Magic
 50136 | Depths:2 | Received a gift from Okawaru
 50188 | Depths:2 | Noticed a juggernaut
 50205 | Depths:2 | Killed a juggernaut
 50269 | Depths:2 | Noticed the Enchantress
 50283 | Depths:2 | Killed the Enchantress
 50307 | Depths:2 | Got faerie dragon scales
 50310 | Depths:2 | Identified the +0 faerie dragon scales {+Fly rCorr Int+4} (You took it off the Enchantress on level 2 of the Depths)
 50438 | Depths:2 | Received a gift from Okawaru
 51413 | Depths:3 | Received a gift from Okawaru
 51659 | Depths:3 | Received a gift from Okawaru
 51766 | Depths:3 | Received a gift from Okawaru
 52186 | Depths:3 | Reached XP level 25. HP: 206/206 MP: 33/36
 52222 | Depths:3 | Noticed Nikola
 52232 | Depths:3 | Received a gift from Okawaru
 52245 | Depths:3 | Killed Nikola
 52453 | Depths:3 | Identified the Catalogue of Fetching Displacement
 52526 | Depths:3 | Reached skill level 15 in Dodging
 52762 | Depths:4 | Found Dyvyfuneidgh's Book Shop.
 52763 | Depths:4 | Found Kuchaate's Magic Scroll Shoppe.
 52767 | Depths:4 | Bought a scroll of enchant armour for 150 gold pieces
 52767 | Depths:4 | Bought a scroll of enchant weapon for 150 gold pieces
 52824 | Depths:4 | Found a corrupted altar of Lugonu.
 52942 | Depths:4 | Noticed Boris
 52961 | Depths:4 | Killed Boris
 53052 | Depths:4 | Received a gift from Okawaru
 53066 | Depths:4 | Found a one-way gate to the infinite horrors of the Abyss.
 53086 | Depths:4 | Found Oliuschil's Antique Weapon Emporium.
 53144 | Depths:4 | Found Lomi's Book Emporium.
 53379 | Depths:4 | Received a gift from Okawaru
 53422 | Depths:4 | Found Oxem's Food Emporium.
 53569 | Depths:4 | Found Lone's Antique Weapon Shop.
 53569 | Depths:4 | Found Pemayczeo's Book Boutique.
 53573 | Depths:4 | Found Asumo's Antique Weapon Shop.
 54563 | Depths:4 | Mangled by a deep troll earth mage

Vault maps used:
D:1:      lemuel_arrival_hallway, ashenzari_altar_1
D:2:      nicolae_overflow_hidden_temple
D:4:      gup_sewer_entry_spiral, st_stairs_5
D:5:      first_bread, kennysheep_generic_room_14
D:6:      okawaru_metal_pillars_1_2
D:7:      lemuel_insect_pit, nicolae_overflow_crystal_walls,
          grunt_temple_overflow_open, temple_statues, uniq_menkaure
D:8:      serial_shops, nicolae_shop_behind_doors, shop, shop, shop
D:10:     dpeg_lair_monsters
D:11:     hangedman_little_slice_of_home
D:12:     orc_0_dummy, serial_shops, shop_coins, lightli_church_of_beogh
D:13:     lightli_vaults_fourway_checkpoint, serial_shops,
          kennysheep_little_box, lemuel_oklob_altar, uniq_azrael
D:14:     serial_bayou_shore_b, lemuel_mausoleum_altar_kikubaaqudgha, uniq_urug
D:15:     grunt_enter_depths_snipers, chequers_big_river
Temple:   nicolae_temple_x_marks_the_god
Lair:1:   lemuel_fruit_tree, uniq_harold
Lair:2:   minmay_swamp_entry_worms, minmay_lair_oklob_chamber,
          serial_bayou_shore_b
Lair:3:   portal_ice_cave_demonic_guard, grunt_forest_stairs_basic, worms_lemuel
Lair:4:   nicolae_spider_entry_non_spiders, lab_entry_generic,
          kennysheep_rathole
Lair:5:   slime_altar_1, zaba_antful_of_joy
Lair:6:   hangedman_lair_in_review, hangedman_lair_caniforms_friends,
          nicolae_volcano_entry_lava_flow, fungi_pond_lemuel, wad_woods_02
Swamp:1:  hangedman_swamp_pad
Swamp:2:  evilmike_swamp_ruin_house_1, swamp_pool5
Swamp:3:  infiniplex_staircase_pool_2, swamp_pool3
Swamp:4:  swamp_vile, evilmike_swamp_ruin_house_5
Spider:1: spider_trap, guppyfry_spider_mini_3,
          hangedman_spider_tarantella_strand
Spider:2: einodemon_crawler_minivault
Spider:4: grunt_spider_rune_circles
Orc:2:    st_orc_mages, special_room, serial_shops,
          nicolae_shop_temple_entry_statues_fountains
Vaults:1: v_misc_30, vaults_room_boxed, v_pattern_2,
          nicolae_vaults_ninety_degrees, v_misc_5,
          nicolae_vaults_diagonal_hallway_6, vaults_room_fours,
          nicolae_vaults_little_squares_4, nicolae_trove_entry_crossroad
Vaults:2: vaults_room_pool, vaults_room_door_hall,
          minmay_guarded_unrand_secular_launcher, hangedman_vaults_snaps,
          v_misc_32, nicolae_vaults_big_angled_halls,
          ontoclasm_vaults_ring_small, vaults_room_pools,
          hangedman_vaults_locks, vaults_room_stairs_pillars,
          vaults_room_octagon, nicolae_vaults_twisting_passages,
          ontoclasm_vaults_decontamination, nicolae_vaults_little_squares_1,
          nicolae_vaults_sealed_display
Vaults:3: minmay_crypt_entry_simple_sparse, vaults_dpeg_ring,
          nicolae_vaults_circle_grid_a, hangedman_vaults_trim,
          grunt_vaults_funnel, hangedman_vaults_nodes,
          grunt_vaults_hallway_long, v_misc_30,
          vaults_room_grunt_arrival_checkpoint, hangedman_vaults_variations,
          ontoclasm_vaults_gateway, vaults_room_ringed_pool,
          ontoclasm_vaults_twist
Vaults:4: nicolae_vaults_shelves_hall, vaults_room_door_hall, v_misc_29,
          ontoclasm_vaults_misaligned
Vaults:5: serial_shops, uniq_jory, uniq_frederick, uniq_xtahua
Depths:1: hangedman_geh_valley, rand_demon_pan_entry_7,
          corexii_leaking_fountain, minmay_misc_feat_rows,
          basic_loot_grate_trap, minislime_mu
Depths:2: gammafunk_depths_water_palace, grunt_hell_entry_dis_grunt,
          kennysheep_cluttered_room, grunt_pan_entry_spiral,
          kennysheep_small_spiral, kennysheep_generic_room_10
Depths:3: grunt_x_marks_the_spot, hell_entry, pan_entry,
          infiniplex_staircase_zigzag_2, uniq_nikola
Depths:4: minmay_distorted_concentric_squares, pan_entry, serial_shops, shop,
          shop_fountains, shop, shop, nicolae_shop_crystal,
          serial_bayou_shore_b, hell_entry, abyss_entry, tgw_lugonu_bribe,
          basic_stair_grate_trap, minmay_shop_star, uniq_boris
Lab:      labyrinth_hidden_loot, lab_block, nicolae_lab_plus
IceCv:    ice_cave_small_demon
Volcano:  volcano_caves

Skill      XL: |  1  2  3  4  5  6  7  8  9 10 11 12 13 14 15 16 17 18 19 20 21 22 23 24 25 |
---------------+----------------------------------------------------------------------------+-----
Fighting       | 4 5 6 7 9 10 11 12 13 14 15 16 17 18 19 | 19.5
Armour         | 4 5 6 7 8 9 10 11 12 13 14 15 16 17 18 19 | 19.6
Dodging        | 1 2 3 4 6 7 8 9 10 11 12 13 14 15 | 15.6
Long Blades    | 3 4 5 7 8 9 13 17 20 21 22 23 24 | 24.0
Shields        | 4 5 6 7 8 9 10 11 12 13 | 13.2
Evocations     | 1 2 3 4 5 6 7 8 9 11 | 11.0
Invocations    | 3 5 6 7 9 |  9.3
Stealth        | 4 7 9 11 | 11.4
Spellcasting   | 1 3 4 6 8 9 |  9.1
Charms         | 1 5 7 8 |  8.0
Slings         | 1 3 5 7 8 9 11 | 11.1
Air Magic      | 1 3 4 6 7 9 |  9.0
Translocations | 4 5 6 7 8 |  8.0
Transmutations | 5 6 |  6.0
Earth Magic    | 4 7 |  7.0

Action                   |  1- 3 |  4- 6 |  7- 9 | 10-12 | 13-15 | 16-18 | 19-21 | 22-24 | 25-27 || total
-------------------------+-------+-------+-------+-------+-------+-------+-------+-------+-------++-------
Melee: Long sword        |    27 |    19 |   535 |   438 |       |       |       |       |       ||  1019
       Whip              |    64 |   182 |       |    30 |       |       |       |       |       ||   276
       Demon blade       |       |       |       |   364 |  1697 |  1435 |   104 |       |       ||  3600
       Eveningstar       |       |       |       |       |    65 |    29 |       |       |       ||    94
       Unarmed           |       |       |       |       |     5 |       |       |       |       ||     5
       Peck              |       |       |       |       |    32 |   377 |   497 |   625 |   118 ||  1649
       Demon whip        |       |       |       |       |       |    10 |       |       |       ||    10
       Triple sword      |       |       |       |       |       |       |  1258 |  1569 |   309 ||  3136
 Fire: Hunting sling     |       |       |       |       |     7 |   351 |       |       |       ||   358
Throw: Tomahawk          |       |       |       |     4 |       |       |       |       |       ||     4
 Cast: Passwall          |       |       |       |       |       |       |       |     1 |       ||     1
Invok: Heroism           |       |       |     1 |    16 |    34 |    58 |    26 |    56 |     9 ||   200
       Finesse           |       |       |       |     4 |     7 |     8 |     6 |    23 |     5 ||    53
 Abil: Evoke Berserk Rag |       |       |    11 |     8 |     6 |     7 |     2 |     4 |     4 ||    42
       Hop               |       |       |     1 |     3 |     3 |     7 |     1 |     8 |     2 ||    25
Evoke: Wand              |       |       |       |     4 |       |     3 |     3 |     6 |     1 ||    17
       Phial of floods   |       |       |       |       |       |       |     1 |       |       ||     1
  Use: Scroll            |     1 |     7 |     6 |     5 |    29 |     4 |    12 |    16 |     8 ||    88
       Potion            |       |     7 |     4 |    11 |    11 |     5 |     7 |       |     1 ||    46
 Stab: Confused          |       |       |       |     3 |       |     1 |       |       |       ||     4
       Sleeping          |       |       |       |       |     1 |       |       |       |       ||     1
       Petrified         |       |       |       |       |     7 |       |       |       |       ||     7
       Petrifying        |       |       |       |       |     1 |       |       |       |       ||     1
       Invisible         |       |       |       |       |       |       |     7 |       |       ||     7
       Distracted        |       |       |       |       |       |       |     2 |     2 |       ||     4
  Eat: Chunk             |     2 |     7 |    11 |    10 |    25 |    25 |    21 |    14 |     4 ||   119
       Royal jelly       |       |       |     3 |       |     1 |     5 |       |       |     1 ||    10
       Bread ration      |       |       |     2 |     2 |     4 |     2 |       |     5 |     1 ||    16
       Fruit             |       |       |     2 |     5 |     3 |       |     3 |     3 |       ||    16
       Meat ration       |       |       |     1 |     1 |       |     2 |     2 |       |       ||     6
Armor: Scale mail        |    35 |    57 |   186 |   121 |       |       |       |       |       ||   399
       Skin              |       |       |    13 |    14 |       |       |       |       |       ||    27
       Ring mail         |       |       |       |    77 |    47 |       |       |       |       ||   124
       Plate armour      |       |       |       |       |   439 |   598 |   628 |   730 |   149 ||  2544
Dodge: Dodged            |    26 |    55 |   197 |   274 |   361 |   486 |   757 |  1021 |   185 ||  3362
Block: Shield            |    38 |    96 |   269 |   508 |   878 |  1067 |    46 |       |       ||  2902
       Rpst.: Long sword |     2 |     1 |    67 |    33 |       |       |       |       |       ||   103
       Demon blade       |       |       |       |    24 |    74 |    83 |     4 |       |       ||   185
       Triple sword      |       |       |       |       |       |       |   149 |   219 |    27 ||   395
